Map: Orbital Shipyard

Players

llllllll

  • Race: Terran Terran
  • League: Gold

Fullmetal - Winner!

  • Race: Terran Terran
  • League: Master

VOD

Have the link to the VOD?

Description

Time

  • Played on: Nov. 16, 2015, 2:28 a.m.
  • Length: 10:31
Show
View Real Time Build Order
Export as new Build Order

llllllll Terran 

Build Orders:  

Get SALT Encoding   

  12  0:01  SCV  
  13  0:13  SCV  
  14  0:18  Supply Depot  
  14  0:25  SCV  
  15  0:39  SCV  
  15  0:41  Barracks  
  16  0:46  Refinery  
  16  0:52  SCV  
  17  1:04  SCV  
  18  1:16  SCV  
  19  1:29  Orbital Command  
  19  1:31  Reaper  
  20  1:33  Supply Depot  
  20  1:55  SCV  
  21  2:07  SCV  
  22  2:12  Command Center  
  22  2:19  SCV  
  22  2:20  Barracks  
  23  2:22  Factory  
  23  2:28  Barracks Reactor  
  23  2:31  SCV  
  24  2:43  SCV  
  25  2:53  Engineering Bay  
  25  2:54  Supply Depot  
  25  2:55  SCV, Refinery  
  26  3:04  Marine x2  
  28  3:07  SCV  
  29  3:19  SCV  
  30  3:22  Marine  
  30  3:23  Barracks Tech Lab, Marine  
  31  3:27  Starport  
  31  3:30  SCV  
  31  3:31  SCV  
  33  3:42  Orbital Command  
  33  3:43  SCV, Marine x2  
  33  3:46  Stimpack  
  36  3:49  Marine  
  37  3:55  SCV  
  37  4:00  Supply Depot  
  37  4:01  Marine x2  
  40  4:05  Starport Reactor  
  40  4:08  SCV  
  40  4:09  Marine  
  41  4:10  SCV  
  43  4:20  Missile Turret  
  43  4:21  Missile Turret  
  43  4:22  SCV  
  43  4:23  SCV, Missile Turret  
  45  4:26  Marine  
  45  4:31  Marine x2  
  48  4:48  Command Center  
  48  4:49  Medivac  
  48  4:51  SCV  
  51  4:54  SCV  
  51  4:58  Terran Infantry Weapons Level 1  
  52  5:03  SCV  
  52  5:04  Supply Depot  
  52  5:05  Marine  
  52  5:06  SCV  
  55  5:08  Marine  
  56  5:15  SCV  
  56  5:17  Supply Depot  
  56  5:21  Factory Tech Lab, Medivac x2  
  59  5:31  Marine  
  60  5:35  Marine  
  60  5:36  Marine  
  62  5:43  SCV, Refinery  
  62  5:44  Refinery  
  62  5:45  SCV  
  64  5:51  Medivac  
  64  5:55  Marine  
  67  5:58  Marine  
  68  6:04  Command Center  
  68  6:05  Supply Depot  
  68  6:06  Supply Depot, SCV  
  68  6:37  Marine x3  
  70  6:41  Barracks  
  70  6:42  Barracks  
  70  6:43  SCV x2, Barracks  
  70  6:45  Orbital Command  
  72  6:52  Medivac  
  74  6:55  SCV, Marine  
  74  7:00  Missile Turret  
  76  7:02  Marine x2  
  78  7:08  Terran Infantry Armor Level 1  
  78  7:09  SCV  
  78  7:12  SCV  
  78  7:13  Marine  
  81  7:16  SCV  
  81  7:20  Orbital Command  
  81  7:21  SCV  
  81  7:22  Marine  
  84  7:24  Siege Tank  
  84  7:25  Marine  
  84  7:29  Barracks Reactor  
  88  7:30  Barracks Reactor x2  
  88  7:38  SCV x2  
  88  7:39  Armory, Refinery, Engineering Bay  
  88  7:40  SCV  
  91  7:46  Marine x2  
  91  7:47  Medivac x2  
  91  7:50  SCV  
  98  7:57  Siege Tank  
  84  8:10  Marine x5  
  84  8:11  SCV  
  84  8:12  SCV  
  86  8:24  Factory, Medivac x2  
  86  8:25  SCV x2  
  86  8:26  SCV  
  86  8:27  SCV  
  94  8:29  Siege Tank  
  94  8:31  Supply Depot, Terran Vehicle Weapons Level 1  
  97  8:35  Refinery  
  97  8:36  Supply Depot x2  
  97  8:38  Marine  
  97  8:39  Marine x2  
  100  8:41  Marine x2  
  100  8:42  Marine x3  
  100  8:46  SCV  
  100  8:47  SCV x3  
  100  8:48  Supply Depot x2  
  109  8:51  Supply Depot, Marine  
  109  8:53  Missile Turret  
  110  8:56  Marine x3  
  110  8:58  SCV  
  110  8:59  Marine  
  115  9:07  Siege Tank  
  115  9:08  Factory Tech Lab  
  118  9:12  Supply Depot  
  118  9:15  Marine x3  
  121  9:20  Marine x2  
  121  9:22  Command Center  
  121  9:23  Viking  
  125  9:24  Viking  
  125  9:26  SCV  
  128  9:33  Starport  
  128  9:39  Siege Tank, Marine x3  
  128  9:40  Marine x2  
  128  9:42  Marine  
  137  9:47  Marine  
  137  9:48  Marine x2  
  139  10:10  Command Center, Marine x5  
  150  10:20  Supply Depot  
Show
View Real Time Build Order
Export as new Build Order

Fullmetal Terran - Winner!

Build Orders: Reaper Expand, MMM Bio, Banshee Rush 

Get SALT Encoding   

  12  0:01  SCV  
  13  0:13  SCV  
  14  0:18  Supply Depot  
  14  0:25  SCV  
  15  0:39  SCV  
  15  0:41  Barracks  
  16  0:46  Refinery  
  16  0:51  SCV  
  17  1:03  SCV  
  18  1:15  SCV  
  19  1:28  Orbital Command  
  19  1:29  Reaper  
  20  1:45  Command Center  
  20  1:55  SCV  
  21  2:02  Barracks Reactor  
  21  2:05  Supply Depot  
  21  2:07  SCV  
  22  2:09  Refinery  
  21  2:19  SCV  
  22  2:29  Factory  
  22  2:31  SCV  
  23  2:47  Marine x2  
  23  2:49  SCV  
  25  2:58  Orbital Command  
  25  3:03  SCV  
  26  3:05  Marine  
  26  3:06  Marine  
  28  3:15  Factory Tech Lab, Starport  
  28  3:22  SCV  
  28  3:26  SCV  
  30  3:30  Marine x2  
  33  3:34  SCV  
  33  3:38  SCV  
  34  3:43  Factory Tech Lab  
  34  3:47  SCV  
  35  3:50  SCV  
  35  3:53  Command Center  
  35  3:55  Marine x2  
  38  3:57  Cloaking Field  
  38  4:03  Banshee  
  38  4:06  SCV  
  38  4:07  SCV  
  43  4:12  Supply Depot  
  43  4:18  Siege Tank  
  46  4:27  Supply Depot  
  46  4:34  SCV x2, Marine x2  
  50  4:46  Banshee  
  50  4:47  SCV  
  57  4:52  Siege Tank  
  57  4:54  SCV  
  57  4:55  Marine x2  
  57  4:59  SCV  
  61  5:04  Supply Depot, Orbital Command  
  61  5:06  SCV  
  62  5:12  Marine  
  62  5:13  Marine  
  64  5:15  SCV, Barracks x2  
  64  5:18  SCV  
  66  5:27  SCV  
  66  5:28  Siege Tank  
  70  5:35  SCV  
  71  5:36  SCV  
  71  5:39  Refinery  
  71  5:41  Marine  
  73  5:46  Orbital Command  
  73  5:48  Barracks  
  73  5:49  Barracks, Starport Reactor  
  73  5:54  SCV x2  
  75  6:01  Refinery, Marine x2  
  75  6:03  Engineering Bay  
  77  6:04  Engineering Bay  
  77  6:06  Barracks Tech Lab  
  77  6:09  Supply Depot  
  77  6:14  SCV x2  
  77  6:15  Marauder  
  77  6:17  SCV  
  82  6:19  Marine  
  82  6:23  Marine  
  84  6:27  Combat Shields  
  81  6:33  Medivac  
  81  6:34  Siege Tank, Medivac  
  81  6:35  Marine  
  81  6:36  Barracks Reactor  
  90  6:41  SCV x2  
  90  6:43  Barracks Reactor  
  90  6:46  Marine x2  
  93  6:51  Stimpack  
  93  6:55  Missile Turret  
  93  6:56  Supply Depot  
  93  6:57  Missile Turret  
  93  6:58  Missile Turret  
  93  6:59  Supply Depot  
  93  7:02  Refinery  
  93  7:06  Terran Infantry Weapons Level 1  
  93  7:09  Terran Infantry Armor Level 1  
  93  7:10  Missile Turret  
  93  7:14  Missile Turret, Marine x4  
  93  7:15  SCV x2  
  99  7:16  Marine x2  
  99  7:19  Supply Depot  
  99  7:21  Marine x2  
  99  7:22  Supply Depot  
  103  7:26  Siege Tank  
  103  7:28  SCV x3  
  103  7:29  Medivac  
  111  7:32  Marine x3  
  111  7:36  Marine x3  
  117  7:42  Marine x2  
  117  7:44  SCV x2, Barracks  
  119  7:46  Barracks  
  119  7:50  Marine x3  
  119  7:51  Supply Depot  
  124  7:53  Marine  
  124  7:56  Marine x2  
  125  8:00  Marine x2  
  123  8:12  Marine x2  
  125  8:14  SCV  
  125  8:16  Marine  
  125  8:17  Marine x2  
  129  8:21  Marine x2  
  129  8:22  Armory  
  129  8:23  SCV x2  
  132  8:33  Supply Depot  
  132  8:36  Barracks Reactor x2  
  132  8:40  Supply Depot  
  132  8:41  Supply Depot  
  132  8:42  Concussive Shells  
  132  8:43  Marine  
  132  8:46  Supply Depot  
  133  8:55  Medivac x2, Marine x3  
  140  8:58  Marine  
  140  9:01  Marine x2  
  140  9:02  Siege Tank  
  146  9:03  Command Center  
  146  9:04  Supply Depot  
  146  9:06  Supply Depot  
  146  9:12  SCV  
  146  9:14  SCV x2, Marine x2  
  151  9:17  Supply Depot  
  151  9:18  Marine x2  
  151  9:20  Marine x2  
  151  9:21  Marine  
  156  9:27  Medivac  
  156  9:28  Medivac  
  156  9:29  Marine  
  156  9:30  Marine  
  162  9:33  Marine  
  162  9:34  Marauder, Marine x2  
  167  9:41  Marine x2  
  167  9:44  Sensor Tower, Marine x2  
  171  9:48  Marine x3  
  171  9:49  Marine  
  175  9:55  Marine x4  
  175  9:58  Supply Depot  
  179  10:06  Marine x2  
  182  10:12  Factory  
Tags
 
Add a new tag
Caveats
  • Supply blocks, unpowered buildings, or Contaminate may cause inaccurate times.
  • Supply counts are checked every 10 seconds.